 Dungeon Crawl Stone Soup version 0.31-a0-965-g8a8ce12e04 (webtiles) character file.

Game seed: 1967576463508084069

22567 Maxmaps the Covert (level 13, -2/132 HPs)
             Began as an Octopode Shapeshifter on Oct 27, 2023.
             Was an Initiate of Gozag.
             Slain by a large abomination (20 damage)
             ... in a Gauntlet.
             The game lasted 00:29:03 (12730 turns).

Maxmaps the Covert (Octopode Shapeshifter)         Turns: 12730, Time: 00:29:04

Health: -2/132     AC: 26    Str: 19    XL:     13   Next: 1%
Magic:  13/13      EV:  2    Int: 17    God:    Gozag
Gold:   65         SH:  5    Dex: 12    Spells: 12/12 levels left

rFire   + . .        h - +2 dagger (venom)
rCold   + . .        t - +0 buckler {rPois}
rNeg    . . .        m - melded +2 hat
rPois   +            f - amulet of regeneration
rElec   +            l - +6 ring of strength
rCorr   +            (no ring)
SInv    .            (no ring)
Will    +....        (no ring)
Stlth   ++++++       (no ring)
HPRegen 1.22/turn    (no ring)
MPRegen 0.13/turn    (no ring)
                     (no ring)

%: no teleportation
@: mighty, brilliant, tree-form (expiring), resistant, on berserk cooldown,
enlightened, slowed, very slow
A: stationary, stasis, torment immunity, boosted hp, almost no armour,
(amphibious), 8 rings, (camouflage 1), (gelatinous body 1), (nimble swimmer 1),
(tentacles)
a: End Transformation, Renounce Religion, Potion Petition, Call Merchant, Bribe
Branch


You were in a Gauntlet.
You worshipped Gozag.
Gozag was noncommittal.
You were a tree.
You visited 2 branches of the dungeon, and saw 13 of its levels.
You also visited: Sewer, Bailey and Gauntlet.

You collected 1921 gold pieces.
You spent 93 gold pieces at shops.
You paid 1763 gold pieces to Gozag.

Inventory:

Hand Weapons
 h - a +2 dagger of venom (weapon)
Missiles
 E - a throwing net
Armour
 m - a +2 hat (melded)
 t - a +0 buckler of poison resistance (worn)
Magical Staves
 D - the staff of Fushral {rF- Int+4 Dex+3 Earth}
   (You found it in a bailey)

   [staff of earth]

   Base accuracy: +5 Base damage: 5 Base attack delay: 1.2 This weapon's minimum
   attack delay (0.6) is reached at skill level 12.
   Int+4:     It affects your intelligence (+4).
   Dex+3:     It affects your dexterity (+3).
   rF-:       It makes you vulnerable to fire.
   Earth:     It increases the power of your Earth spells.
   It falls into the 'Staves' category.
   It is a one-tentacled weapon.
Jewellery
 f - an amulet of regeneration (around neck)
 l - a +6 ring of strength (left branch)
Talismans
 b - a beast talisman (active)
 c - a flux talisman
 r - a talisman of death
Wands
 a - a wand of digging (11)
 d - a wand of light (7)
 i - a wand of polymorph (4)
 k - a wand of paralysis (1)
 n - a wand of flame (8)
 u - a wand of iceblast (13)
 x - a wand of mindburst (8)
Scrolls
 e - a scroll of immolation
 j - a scroll of identify
 o - 3 scrolls of teleportation
 p - 4 scrolls of poison
 s - 3 scrolls of vulnerability
 w - 2 scrolls of fear
 y - a scroll of blinking
 B - a scroll of brand weapon
 F - 2 scrolls of noise
Potions
 q - 15 potions of degeneration
 A - a potion of cancellation
Miscellaneous
 g - a tin of tremorstones (2/2)
 v - a sack of spiders
 C - a phial of floods


   Skills:
 - Level 8.0 Fighting
 - Level 7.3 Short Blades
 - Level 6.4 Dodging
 - Level 14.6 Stealth
 - Level 4.1 Shields
 - Level 3.0 Unarmed Combat
 - Level 10.2 Evocations
 + Level 8.5 Shapeshifting


You had 12 spell levels left.
You didn't know any spells.
Your spell library contained the following spells:

 Spells                   Type           Power      Damage    Failure   Level
 Cigotuvi's Dreadful Rot  Necr/Pois/Air  0%         N/A       41%         2
 Ensorcelled Hibernation  Hex/Ice        0%         N/A       41%         2
 Jinxbite                 Hex            0%         N/A       41%         2
 Wereblood                Tmut           0%         N/A       41%         2
 Summon Guardian Golem    Hex/Summ       0%         N/A       65%         3
 Anguish                  Hex/Necr       0%         N/A       96%         4
 Dispel Undead            Necr           0%         3d6       96%         4
 Summon Lightning Spire   Summ/Air       0%         N/A       96%         4
 Irradiate                Conj/Tmut      0%         3d11      100%        5
 Yara's Violent Unravell  Hex/Tmut       0%         3d3       100%        5
 Death Channel            Necr           0%         N/A       100%        6
 Malign Gateway           Summ/Tloc      0%         N/A       100%        7
 Orb of Destruction       Conj           0%         9d5       100%        7
 Spellforged Servitor     Conj/Summ      0%         N/A       100%        7
 Discord                  Hex            0%         N/A       100%        8
 Summon Horrible Things   Summ           0%         N/A       100%        8


Dungeon Overview and Level Annotations

Branches:
Dungeon (12/15)            Temple (1/1) D:7            Lair (0/5) D:9
    Orc (0/2) D:11          Sewer (visited)          Bailey (visited)
Gauntlet (1/1)

Altars:
Ashenzari
Cheibriados
Dithmenos
Elyvilon
Fedhas
Gozag
Hepliaklqana
Kikubaaqudgha
Makhleb
Nemelex Xobeh
Okawaru
Qazlal
Ru
Sif Muna
Trog
Uskayaw
Vehumet
Wu Jian
Xom
Yredelemnul
Zin
The Shining One

Shops:
D:1 !   D:8 [

Annotations:
D:6 Dowan, Duvessa Gauntlet 7 transporters, 1 runed translucent door


Innate Abilities, Weirdness & Mutations

You are a tree.
Your roots penetrate the ground, keeping you stationary.
You cannot be teleported.
You are immune to unholy pain and torment.
Your maximum health is greatly increased.
You cannot wear most types of armour.
((You are amphibious.))
You can wear up to eight rings at the same time.
((Your skin changes colour to match your surroundings (Stealth+).))
((Your rubbery body absorbs attacks. (AC +1, EV +1)))
((You are camouflaged when in or above water. (Stealth+)))
((You have tentacles for arms and can constrict up to eight enemies at once.))


Message History

The small abomination hits you but does no damage.
The great orb of eyes is distracted by your dazzling golden aura.
The small abomination hits you but does no damage.
The great orb of eyes turns its gaze towards you.
You puncture the small abomination!
Your punch misses the small abomination.
The small abomination is almost destroyed.
The small abomination hits you but does no damage.
You puncture the small abomination!
You destroy the small abomination!
You hit the large abomination.
The large abomination is lightly damaged.
The large abomination hits you but does no damage.
You barely miss the large abomination.
The large abomination is lightly damaged.
The large abomination hits you!
* * * LOW HITPOINT WARNING * * *
You hit the large abomination.
You punch the large abomination, but do no damage.
The large abomination is lightly damaged.
The great orb of eyes is no longer distracted by gold.
The large abomination is distracted by your dazzling golden aura.
You hit the large abomination.
The large abomination is no longer distracted by gold.
The large abomination is moderately damaged.
The large abomination hits you but does no damage.
You closely miss the large abomination.
The large abomination is moderately damaged.
The large abomination hits you!!
* * * LOW HITPOINT WARNING * * *
You barely miss the large abomination.
The large abomination is moderately damaged.
The large abomination hits you.
* * * LOW HITPOINT WARNING * * *
You barely miss the large abomination.
The large abomination is moderately damaged.
Your transformation is almost over.
The large abomination hits you!!
You die...
Your body crumbles into a pile of gold.

### ### ######### ### ###
#≈###≈###.......###≈###≈##
≈≈≈#≈≈≈#..∩.⌠.∩..#≈≈≈#≈≈≈#
#≈.....................≈##
##.#########.#########.##
#≈.#.##©=$.#.#.X=©)..#.≈##
≈≈.#..##$..#.#§§.....#.≈≈#
#≈.#...##.G#.#.#####.#.≈##
##.#.#.©##u###.X♣©...#.##
#≈.#.##..#.#.#.#####.#.≈##
≈≈.#..##...#.#.§.....#.≈≈#
#≈.#u..##..#.#.......#.≈##
##.#########.#########.##
#≈....#©.........©#....≈##
≈≈..⌠.#.⌠.⌠.⌠.⌠.⌠.#.⌠..≈≈#
#≈....#©.........©#....≈##
##.###################.##


You could see a great orb of eyes, a purple ugly thing and a large abomination.

Vanquished Creatures
  An orc warlord (Bailey)
  Erica (D:8)
  A two-headed ogre (D:12)
  2 boulder beetles (D:11)
  Pikel (D:6)
  An ugly thing (D:11)
  2 cyclopes
  A moth of wrath (Gauntlet)
  A torpor snail (Gauntlet)
  An unseen horror (D:10)
  A komodo dragon (D:9)
  Grinder (D:6)
  A shadow (D:10)
  2 water elementals (D:11)
  4 small abominations (Gauntlet)
  3 wraiths
  3 wyverns
  Eustachio (D:5)
  A steam dragon (D:6)
  Grum (D:8)
  Edmund (D:5)
  A water moccasin (D:9)
  Menkaure (D:5)
  An acid dragon (D:11)
  An ice beast (D:6)
  A sky beast (D:6)
  7 orc warriors
  A black bear (D:5)
  4 centaurs
  14 wolves
  2 large abominations (Gauntlet)
  8 ogres (D:7)
  A lemure (D:6)
  A kobold brigand (D:9)
  5 bullfrogs
  2 gnoll sergeants
  3 scorpions
  3 wights (D:8)
  14 killer bees
  A howler monkey (D:5)
  5 spriggan skeletons (D:9)
  3 electric eels (D:11)
  A troll skeleton (D:9)
  3 hounds
  8 orc priests
  3 gnoll boudas
  A jelly (D:5)
  2 sleepcaps
  6 orc wizards
  29 gnolls
  5 adders
  A shadow imp (D:7)
  A white imp (D:8)
  3 dart slugs
  39 orcs
  19 endoplasms
  10 giant cockroaches
  13 goblins
  11 hobgoblins
  2 jackals (D:3)
  20 quokkas
  9 ball pythons
  4 bats
  11 frilled lizards
  24 kobolds
  6 rats
  A spectral hobgoblin (D:2)
342 creatures vanquished.

Notes
Turn   | Place    | Note
-------+----------+-------------------------------------------
     0 | D:1      | Maxmaps the Octopode Shapeshifter began the quest for the
                  | Orb.
     0 | D:1      | Reached XP level 1. HP: 13/13 MP: 1/1
   183 | D:1      | Reached skill level 1 in Stealth
   211 | D:1      | Reached skill level 2 in Stealth
   211 | D:1      | Reached XP level 2. HP: 14/18 MP: 2/2
   495 | D:1      | Found Jaogh's Distillery.
   498 | D:1      | Reached skill level 3 in Stealth
   844 | D:1      | Reached XP level 3. HP: 17/23 MP: 3/3
  1207 | D:2      | Reached skill level 4 in Stealth
  1402 | D:2      | Found a faded altar of an unknown god.
  1448 | D:2      | Reached skill level 1 in Short Blades
  1453 | D:2      | Reached XP level 4. HP: 6/28 MP: 4/4
  2227 | D:3      | Found an ornate altar of the Wu Jian Council.
  2229 | D:3      | Found a glowing golden altar of the Shining One.
  2251 | D:3      | Found a sacrificial altar of Ru.
  2253 | D:3      | Found an iron altar of Okawaru.
  2710 | D:4      | Noticed a scorpion
  2711 | D:4      | Noticed a scorpion
  2720 | D:3      | Killed a scorpion
  2721 | D:3      | Reached XP level 5. HP: 14/33 MP: 5/5
  2979 | D:4      | You fall into a shaft and drop 2 floors!
  2979 | D:6      | Found a radiant altar of Vehumet.
  3109 | D:6      | Noticed a lemure
  3111 | D:6      | Noticed a lemure
  3114 | D:6      | Noticed Pikel
  3120 | D:6      | Killed a lemure
  3121 | D:6      | Noticed a lemure
  3134 | D:6      | Killed Pikel
  3135 | D:6      | Reached XP level 6. HP: 7/38 MP: 6/6
  3135 | D:6      | Reached XP level 7. HP: 8/43 MP: 7/7
  3293 | D:6      | Noticed Duvessa
  3293 | D:6      | Noticed Dowan
  3296 | D:6      | Found a hide-covered altar of Uskayaw.
  3544 | D:6      | Noticed a steam dragon
  3563 | D:6      | Killed a steam dragon
  3573 | D:6      | Reached XP level 8. HP: 41/48 MP: 8/8
  3590 | D:6      | Found a glowing drain.
  3621 | Sewer    | Entered a sewer
  3899 | Sewer    | Reached skill level 5 in Shapeshifting
  4262 | D:6      | Noticed a wyvern
  4267 | D:6      | Killed a wyvern
  4387 | D:5      | Entered Level 5 of the Dungeon
  4387 | D:5      | Noticed Grinder
  4390 | D:5      | Paralysed by Grinder for 4 turns
  4417 | D:5      | Paralysed by Grinder for 3 turns
  4426 | D:6      | Killed Grinder
  4496 | D:5      | Noticed Eustachio
  4510 | D:5      | Killed Eustachio
  4511 | D:5      | Reached XP level 9. HP: 37/56 MP: 9/9
  4755 | D:5      | Identified a scroll of acquirement
  4755 | D:5      | Acquired a +2 hat
  4796 | D:5      | Noticed Edmund
  4805 | D:5      | Killed Edmund
  4827 | D:5      | Noticed Menkaure
  4829 | D:5      | Killed Menkaure
  4830 | D:5      | Reached skill level 5 in Fighting
  5547 | D:5      | Found a glowing silver altar of Zin.
  5907 | D:7      | HP: 3/61 [orc priest/nerve-wracking pain (12)]
  5999 | D:7      | Reached skill level 5 in Dodging
  6047 | D:7      | Reached skill level 1 in Evocations
  6595 | D:7      | Found an opulent altar of Gozag.
  6637 | D:7      | Found a staircase to the Ecumenical Temple.
  6692 | Temple   | Entered the Ecumenical Temple
  6763 | D:7      | Became a worshipper of Gozag Ym Sagoz the Greedy
  6891 | D:7      | Found a blossoming altar of Fedhas.
  6914 | D:7      | Reached skill level 5 in Evocations
  6914 | D:7      | Reached XP level 10. HP: 47/66 MP: 10/10
  7191 | D:8      | Identified the "Caqust"
  7191 | D:8      | Noticed Erica
  7201 | D:8      | Killed Erica
  7451 | D:8      | Noticed Grum
  7469 | D:8      | Killed Grum
  8441 | D:9      | Found an ancient bone altar of Kikubaaqudgha.
  8524 | D:9      | Found a staircase to the Lair.
  8783 | D:9      | Found a stormy altar of Qazlal.
  8792 | D:9      | Reached skill level 5 in Stealth
  8926 | D:9      | Reached skill level 6 in Stealth
  8998 | D:9      | Reached XP level 11. HP: 77/77 MP: 11/11
  9014 | D:9      | Reached skill level 7 in Stealth
  9172 | D:9      | Reached skill level 8 in Stealth
  9421 | D:8      | Bought a +0 buckler of poison resistance for 93 gold pieces
  9446 | D:10     | Entered Level 10 of the Dungeon
  9521 | D:10     | Reached skill level 1 in Shields
 10068 | D:10     | Found a flagged portal.
 10106 | Bailey   | Entered a bailey
 10111 | Bailey   | Noticed an orc warlord
 10199 | Bailey   | Found a runed translucent gate.
 10200 | Bailey   | Found a runed translucent gate.
 10204 | Bailey   | Found a runed translucent gate.
 10439 | Bailey   | Killed an orc warlord
 10460 | Bailey   | Identified the staff of Fushral {rF- Int+4 Dex+3 Earth}
 10462 | Bailey   | Reached skill level 14 in Stealth
 10462 | Bailey   | Reached XP level 12. HP: 82/82 MP: 12/12
 11239 | D:11     | Noticed a boulder beetle
 11246 | D:11     | Killed a boulder beetle
 11294 | D:11     | Noticed a boulder beetle
 11299 | D:11     | Killed a boulder beetle
 11300 | D:11     | Reached skill level 10 in Evocations
 11391 | D:11     | Found a staircase to the Orcish Mines.
 11817 | Gauntlet | Identified the "Juxku"
 11995 | D:12     | Noticed a two-headed ogre
 12004 | D:12     | Killed a two-headed ogre
 12159 | D:12     | Found a hide-covered altar of Uskayaw.
 12182 | D:12     | Found a gate leading to a gauntlet.
 12194 | Gauntlet | Entered a Gauntlet
 12194 | Gauntlet | Found a transporter.
 12194 | Gauntlet | Found a transporter.
 12194 | Gauntlet | Found a runed translucent door.
 12194 | Gauntlet | Found a runed translucent door.
 12264 | Gauntlet | Found a transporter.
 12268 | Gauntlet | Found a transporter.
 12276 | Gauntlet | Found a transporter.
 12280 | Gauntlet | Found a transporter.
 12290 | Gauntlet | Found a transporter.
 12304 | Gauntlet | Noticed a great orb of eyes
 12308 | Gauntlet | Found a transporter.
 12325 | Gauntlet | Found a transporter.
 12329 | Gauntlet | Found a transporter.
 12341 | Gauntlet | Found a transporter.
 12342 | Gauntlet | Found a transporter.
 12720 | Gauntlet | Reached XP level 13. HP: 34/88 MP: 13/13
 12730 | Gauntlet | Slain by a large abomination

Illustrated notes

Levels and vault maps discovered:
D:1:      matt_arrival_spirals, layout_loops_corners, serial_shops, shop,
          wander_ebering_terrifying_dragon_lair
D:2:      layout_loops_cross, dreamdust_ecumenical_altar_drowned_temple,
          minivault_5, chequers_serial_rivers_micro_e, serial_park_tiny_1,
          minmay_pentomino_pile
D:3:      layout_basic, nicolae_overflow_hidden_temple, serial_rivers,
          chequers_serial_rivers_room_a, chequers_serial_rivers_micro_e,
          chequers_serial_rivers_room_b, chequers_serial_rivers_small_b
D:4:      layout_basic
D:5:      layout_gridville, mainiacjoe_overflow_alcove_4, uniq_menkaure,
          uniq_edmund, uniq_grinder, uniq_eustachio
D:6:      layout_basic, nicolae_vehumet_radiance, old_standard_altar,
          gup_sewer_entry_pipe, serial_corexii_hall, corexii_hall_statues_l,
          chequers_hall_statues_y, uniq_duvessa, uniq_pikel
D:7:      kennysheep_seaside_town, layout_rooms,
          mainiacjoe_overflow_six_doors_small, lemuel_coloured_pillars_altar,
          minmay_temple_entry_gardened_gates
D:8:      layout_basic, uniq_erica, uniq_grum
D:9:      layout_cave_pools, david_lair_shrubbed, hangedman_feature_mirror,
          chequers_serial_rivers_room_a, hangedman_tell_no_tales
D:10:     layout_roguey, enter_bailey_7, serial_glass, glass_columns_a,
          glass_columns_c, minmay_misc_feat_five
D:11:     layout_basic, orc_0_dummy
D:12:     layout_cave_pods, gauntlet_entry_generic, nicolae_uskayaw_suspiria
Temple:   nicolae_temple_god_jail
Gauntlet: minmay_gauntlet_77_indecision [minmay_gauntlet_arena_77_cramped,
          minmay_gauntlet_arena_77_mess, minmay_gauntlet_arena_77_broken_ladder,
          minmay_gauntlet_arena_77_squiggly,
          minmay_gauntlet_arena_77_chump_sandwich,
          minmay_gauntlet_arena_77_two_lines, gauntlet_exit_watery]

Skill      XL: |  1  2  3  4  5  6  7  8  9 10 11 12 |
---------------+-------------------------------------+-----
Stealth        | 2 3 4 6 14 | 14.6
Short Blades   | 1 3 7 |  7.3
Shapeshifting  | 4 7 8 |  8.5
Fighting       | 3 5 8 |  8.0
Dodging        | 5 6 |  6.4
Evocations     | 5 8 10 | 10.2
Shields        | 4 |  4.1
Unarmed Combat | |  3.0

Action                     |  1- 3 |  4- 6 |  7- 9 | 10-12 | 13-15 || total
---------------------------+-------+-------+-------+-------+-------++-------
  Melee: Unarmed           |    59 |       |       |       |       ||    59
         Constrict         |    14 |     9 |    59 |    74 |       ||   156
         Tentacles         |    10 |     8 |    69 |   116 |       ||   203
         Punch             |     3 |     2 |     6 |    14 |     1 ||    26
         Dagger            |     8 |    74 |   282 |   438 |    11 ||   813
 Invoke: Call Merchant     |       |       |       |     1 |       ||     1
         Potion Petition   |       |       |       |     2 |       ||     2
Ability: Begin Untransform |       |       |     1 |       |       ||     1
  Evoke: Wand              |       |       |       |     7 |       ||     7
    Use: Scroll            |       |     8 |     7 |    15 |       ||    30
         Potion            |       |     2 |     7 |     8 |       ||    17
   Stab: Sleeping          |    11 |    11 |    24 |    19 |       ||    65
         Distracted        |       |       |       |     2 |       ||     2
         Paralysed         |       |       |       |     3 |       ||     3
 Armour: Skin              |    19 |    37 |   146 |   208 |    10 ||   420
  Dodge: Dodged            |    30 |    15 |   130 |   161 |       ||   336
  Block: Buckler           |       |       |       |    26 |       ||    26
   Form: Beast             |       |       |     2 |       |       ||     2

Table legend: (Time is in decaauts)
 A = Elapsed time spent in this place.
 B = Non-inter-level travel time spent in this place.
 C = Inter-level travel time spent in this place.
 D = Time resting spent in this place.
 E = Time spent auto-exploring this place.
 F = Levels seen in this place.
 G = Mean time per level.
                   A        B        C        D        E       F      G
               +--------+--------+--------+--------+--------+-----+--------+
         Total |  12433 |  11467 |    966 |   1572 |   7160 |  16 |  777.1 |
       Dungeon |  11218 |  10300 |    918 |   1477 |   6836 |  12 |  934.8 |
        Temple |     47 |      0 |     47 |      0 |      0 |   1 |   47.0 |
         Sewer |    305 |    305 |      0 |      0 |    101 |   1 |  305.0 |
        Bailey |    350 |    350 |      0 |      0 |    117 |   1 |  350.0 |
      Gauntlet |    511 |    511 |      0 |     95 |    106 |   1 |  511.0 |
               +--------+--------+--------+--------+--------+-----+--------+

Top non-repeatable levels by time:
     D:8: 1275 daAuts
     D:7: 1275 daAuts
     D:6: 1254 daAuts
     D:1: 1042 daAuts
    D:10: 998 daAuts
    D:11: 974 daAuts
     D:3: 918 daAuts
     D:2: 910 daAuts
     D:9: 904 daAuts
     D:5: 683 daAuts
     D:4: 610 daAuts
Gauntlet: 511 daAuts
    D:12: 370 daAuts
  Bailey: 350 daAuts
   Sewer: 305 daAuts
